 Dungeon Crawl Stone Soup version 0.29.0-4-gdea44cf6ec (webtiles) character file.

Game seed: 14444669379109188203

7159 qw the Grappler (level 10, -11/98 HPs)
             Began as a Troll Cinder Acolyte on Sept 2, 2022.
             Was an Elder of Ignis.
             Mangled by a death scarab (17 damage)
             ... in a Gauntlet.
             The game lasted 00:03:51 (8673 turns).

qw the Grappler (Troll Cinder Acolyte)              Turns: 8673, Time: 00:03:51

Health: -11/98     AC: 19    Str: 28    XL:     10   Next: 86%
Magic:  10/10      EV:  9    Int: 10    God:    Ignis [****..]
Gold:   546        SH:  0    Dex:  5    Spells: 11/11 levels left

rFire   + + .      SeeInvis +     - Unarmed
rCold   . . .      Faith    .   (no shield)
rNeg    . . .      Spirit   .   i - +2 steam dragon scales
rPois   .          Reflect  .   e - +2 hat {Stlth+}
rElec   .          Harm     .   a - +0 cloak
rCorr   .          Rampage  .   (gloves unavailable)
Will    .....      NoTele   +   (boots unavailable)
Stlth   ++........              (no amulet)
HPRegen 1.06/turn               f - ring of protection from fire
MPRegen 0.12/turn               d - ring of see invisible

@: fiery-armoured, slowed, very slow
A: large, unfitting armour, claws 3, regeneration 1, shaggy fur 1, tough skin 1,
beak, horns 1
a: Renounce Religion, Fiery Armour, Foxfire Swarm, Rising Flame


You were in a Gauntlet.
You worshipped Ignis.
Ignis was greatly pleased with you.
You visited 2 branches of the dungeon, and saw 10 of its levels.
You also visited: Gauntlet.

You collected 546 gold pieces.


Innate Abilities, Weirdness & Mutations

You are too large for most types of armour.
You have claws for hands.
Your natural rate of healing is unusually fast.
You are covered in fur. (AC +1)
You have tough skin. (AC +1)
You have a beak for a mouth.
You have a pair of small horns on your head.


   Skills:
 - Level 6.0 Fighting
 + Level 4.9 Throwing
 - Level 2.1 Armour
 - Level 1.7 Dodging
 - Level 14.0 Unarmed Combat
 - Level 1.0 Spellcasting
 - Level 2.1 Fire Magic


You had 11 spell levels left.
You didn't know any spells.
Your spell library contained the following spells:

 Spells                   Type           Power      Damage    Failure   Level
 Scorch                   Fire           8%         2d5       22%         2

Inventory:

Missiles
 q - 4 silver javelins (quivered)
 s - 3 javelins
Armour
 a - a +0 cloak (worn)
 e - a +2 hat of stealth (worn)
 i - +2 steam dragon scales (worn)
Jewellery
 d - a ring of see invisible (right claw)
 f - a ring of protection from fire (left claw)
Scrolls
 k - a scroll of brand weapon
 n - a scroll of teleportation
 r - 3 scrolls of identify
Potions
 b - 5 potions of might
 c - 2 potions of haste
 h - a potion of resistance
 j - 2 potions of mutation
 m - 6 potions of curing

Dungeon Overview and Level Annotations

Branches:
Dungeon (8/15)             Temple (0/1) D:5            Lair (2/5) D:8
Gauntlet (1/1)
  Swamp: Lair:2-3    Shoals: Lair:2-3     Snake: Lair:2-3    Spider: Lair:2-3

Altars:
Ashenzari
Hepliaklqana
Makhleb
Qazlal
Trog
Uskayaw
Vehumet
Wu Jian
Yredelemnul
The Shining One

Shops:
D:1 [

Annotations:
D:4 1 runed translucent door, Crazy Yiuf Gauntlet 11 transporters, 21 runed translucent doors


Message History

The death scarab bites you but does no damage.
The death scarab is burned by your cloak of flames.
The death scarab is moderately damaged.
The death scarab bites you! The death scarab drains your vigour!
You feel as though you will be slow longer.
The death scarab draws strength from your injuries!
The death scarab bites you! The death scarab drains your vigour!
You feel as though you will be slow longer.
The death scarab draws strength from your injuries!
The death scarab is burned by your cloak of flames.
The death scarab is lightly damaged.
The death scarab bites you but does no damage.
8671 ||| Stepping ~*~*~tactically~*~*~ (outnumbered).
The death scarab's many legs skitter faintly.
The death scarab bites you!
The death scarab draws strength from your injuries!
The death scarab waves its antennae.
The death scarab bites you!
The death scarab draws strength from your injuries!
The death scarab is burned by your cloak of flames.
The death scarab is lightly damaged.
The death scarab completely misses you.
There is a transporter landing site, spattered with blood here.
8672 ||| DRINKING potion of heal wounds.
You feel much better. The death scarab bites you!
The death scarab drains your vigour!
You feel as though you will be slow longer.
The death scarab draws strength from your injuries!
The death scarab bites you but does no damage. x2
The death scarab closely misses you. The death scarab bites you!
The death scarab draws strength from your injuries!
The death scarab is burned by your cloak of flames.
The death scarab is lightly damaged.
8673 ||| Stepping ~*~*~tactically~*~*~ (outnumbered).
The death scarab attacks as you move away!
The death scarab misses you.
The death scarab attacks as you move away!
The death scarab bites you but does no damage.
The death scarab bites you!
You die...

##...#2........#...#######
#~...###########.....#.^.#
##......#.^.#........#...#
##.8...#.8.#...8....#.^.#
#~.....#.^.#.....########
##...#########...#BZ#B^=.
#~...#..}^[!.#...#Z..#...
##...#.#####.#...#...#...
#~...#..@#BZ.#...#....#.#
##.8.####B####.8.#...###.
#¤...#...#.Z.#...#.##.#^.
##...#(#####.#...##....#.
#~...#...Z...#...#BZ...#.
##...#########...#ZB....#
#~.......^.......########
##.8.....8.....8......^..
#¤.................\..8..


You could see a spectral cane toad and a death scarab.

Vanquished Creatures
  Pikel (D:5)
  4 komodo dragons
  A troll (D:7)
  Prince Ribbit (D:8)
  Grinder (D:4)
  A spectral black mamba (Gauntlet)
  Sigmund (D:5)
  7 yaks
  A basilisk (Lair:1)
  Menkaure (D:4)
  2 steam dragons
  3 water moccasins
  An orc warrior (D:8)
  4 ice beasts
  A sky beast (D:6)
  2 black bears
  2 centaurs
  2 phantoms
  6 bullfrogs
  A necrophage (D:6)
  3 scorpions
  A gnoll sergeant (D:7)
  12 wights (D:8)
  3 howler monkeys (D:5)
  A hound (D:4)
  3 jellies
  A gnoll bouda (D:8)
  An orc priest (D:2)
  2 orc wizards
  An iguana (D:6)
  8 gnolls
  8 adders
  A white imp (D:7)
  2 worms
  A dart slug (D:2)
  14 orcs
  4 bats
  5 endoplasms
  5 giant cockroaches
  6 goblins
  4 hobgoblins
  12 jackals
  2 quokkas (D:4)
  4 ball pythons
  6 frilled lizards
  6 kobolds
  2 rats
161 creatures vanquished.

Vanquished Creatures (others)
  18 fungi (D:8)
  15 plants (D:8)
  A withered plant (Gauntlet)
34 creatures vanquished.

Grand Total: 195 creatures vanquished

Notes
Turn   | Place    | Note
-------+----------+-------------------------------------------
     0 | D:1      | qw the Troll Cinder Acolyte began the quest for the Orb.
     0 | D:1      | Reached XP level 1. HP: 22/22 MP: 1/1
     0 | D:1      | 0 ||| qw: Version: 0.1-a-97-g2dd2ca4
     0 | D:1      | 0 ||| qw: Game counter: 4950
     0 | D:1      | 0 ||| qw: Always use a shield: true
     0 | D:1      | 0 ||| qw: God list: Okawaru
     0 | D:1      | 0 ||| qw: Allow faded altars: false
     0 | D:1      | 0 ||| qw: Do Orc after D:15 true
     0 | D:1      | 0 ||| qw: Do second Lair branch before Depths: true
     0 | D:1      | 0 ||| qw: Lair rune preference: random
     0 | D:1      | 0 ||| qw: Plans: Normal
     0 | D:1      | 0 ||| PLANNING D:1-11
   238 | D:1      | Found Utumaat's Armour Boutique.
   243 | D:1      | 243 ||| Stepping ~*~*~tactically~*~*~ (stealth).
   251 | D:1      | 251 ||| SHOPLISTING +2 cloak of the Spirits {Drain Int+4}
                  | (267 gold, have 26).
   251 | D:1      | 251 ||| SHOPLISTING +2 robe of positive energy (161 gold,
                  | have 26).
   271 | D:1      | Reached XP level 2. HP: 29/29 MP: 2/2
   285 | D:1      | 285 ||| Stepping ~*~*~tactically~*~*~ (stealth).
   286 | D:1      | 286 ||| Stepping ~*~*~tactically~*~*~ (stealth).
   392 | D:1      | 392 ||| Stepping ~*~*~tactically~*~*~ (stealth).
   395 | D:1      | 395 ||| Stepping ~*~*~tactically~*~*~ (stealth).
   431 | D:1      | Reached skill level 4 in Unarmed Combat
   746 | D:1      | Reached XP level 3. HP: 36/36 MP: 3/3
  1031 | D:1      | 1031 ||| DROPPING ring of wizardry.
  1032 | D:1      | 1032 ||| READING 2 scrolls labelled ZEWARIUPLUA.
  1037 | D:1      | 1037 ||| READING scroll labelled AMAUNLOZXU.
  1038 | D:1      | 1038 ||| READING 2 scrolls labelled ZENGA ROPNUR.
  1039 | D:1      | 1039 ||| READING scroll labelled DUAFO JUDAP.
  1040 | D:1      | 1040 ||| DRINKING 2 yellow potions.
  1041 | D:1      | 1041 ||| DRINKING 3 golden potions.
  1042 | D:1      | 1042 ||| DROPPING 2 potions of magic.
  1049 | D:2      | 1049 ||| STAIRDANCE
  1054 | D:2      | 1054 ||| STAIRDANCE
  1255 | D:2      | Reached skill level 5 in Unarmed Combat
  1255 | D:2      | Reached XP level 4. HP: 44/44 MP: 4/4
  1343 | D:2      | You fall into a shaft and drop 1 floor!
  1363 | D:3      | 1363 ||| Stepping ~*~*~tactically~*~*~ (stealth).
  1443 | D:3      | 1443 ||| READING scroll labelled XYSTRA CIWEYW.
  1760 | D:2      | 1760 ||| READING scroll labelled YRPHUI AFURPHUUN.
  1761 | D:2      | 1761 ||| READING scroll labelled ARONNA NOID.
  1762 | D:2      | 1762 ||| READING scroll labelled YSHRITS FILUULE.
  2072 | D:3      | 2072 ||| Stepping ~*~*~tactically~*~*~ (stealth).
  2543 | D:3      | 2543 ||| DRINKING 2 blue potions.
  2544 | D:3      | 2544 ||| DRINKING 2 black potions.
  2544 | D:3      | Gained mutation: You have hidden genetic potential. [potion
                  | of mutation]
  2545 | D:3      | 2545 ||| DRINKING 2 smoky emerald potions.
  2546 | D:3      | 2546 ||| DRINKING 2 dark potions.
  2547 | D:3      | 2547 ||| DROPPING potion of degeneration.
  2548 | D:3      | 2548 ||| DROPPING potion of flight.
  2620 | D:4      | Noticed Grinder
  2626 | D:4      | Killed Grinder
  2627 | D:4      | Reached skill level 7 in Unarmed Combat
  2627 | D:4      | Reached XP level 5. HP: 32/50 MP: 5/5
  2627 | D:4      | Reached XP level 6. HP: 38/59 MP: 6/6
  2636 | D:4      | Gained mutation: You have a pair of small horns on your
                  | head. [hidden potential]
  2713 | D:4      | Noticed Menkaure
  2722 | D:4      | 2722 ||| INVOKING Fiery Armour.
  2723 | D:4      | HP: 14/59 [Menkaure/nerve-wracking pain (1)]
  2724 | D:4      | 2724 ||| READING 2 scrolls of teleportation.
  2725 | D:4      | 2725 ||| DRINKING potion of heal wounds.
  2726 | D:4      | Killed Menkaure
  2732 | D:4      | Reached skill level 8 in Unarmed Combat
  2732 | D:4      | Reached XP level 7. HP: 23/66 MP: 7/7
  2911 | D:4      | Found a runed translucent door.
  2912 | D:4      | Noticed Crazy Yiuf
  2979 | D:4      | 2979 ||| Stepping ~*~*~tactically~*~*~ (stealth).
  2981 | D:4      | 2981 ||| Stepping ~*~*~tactically~*~*~ (stealth).
  3249 | D:4      | 3249 ||| READING scroll labelled DEKIOG INOM.
  3250 | D:4      | 3250 ||| DRINKING 2 silvery potions.
  3251 | D:4      | 3251 ||| DRINKING 3 clear potions.
  3290 | D:4      | 3290 ||| DRINKING 2 fuming silvery potions.
  3291 | D:4      | 3291 ||| DRINKING 2 brown potions.
  3292 | D:4      | 3292 ||| READING 2 scrolls of identify.
  3292 | D:4      | 3292 ||| IDENTIFYING inky potion
  3293 | D:4      | 3293 ||| DROPPING 2 potions of lignification.
  3294 | D:4      | 3294 ||| DROPPING potion of brilliance.
  3324 | D:5      | Entered Level 5 of the Dungeon
  3347 | D:5      | Noticed Pikel
  3349 | D:5      | 3349 ||| Stepping ~*~*~tactically~*~*~ (stealth).
  3350 | D:5      | 3350 ||| Stepping ~*~*~tactically~*~*~ (stealth).
  3351 | D:5      | 3351 ||| Stepping ~*~*~tactically~*~*~ (stealth).
  3356 | D:5      | 3356 ||| INVOKING Fiery Armour.
  3358 | D:5      | Killed Pikel
  3361 | D:5      | Reached XP level 8. HP: 74/74 MP: 8/8
  3366 | D:5      | Gained mutation: You have a beak for a mouth. [hidden
                  | potential]
  3366 | D:5      | Lost mutation: You have hidden genetic potential. [hidden
                  | potential expressed]
  3370 | D:5      | Reached skill level 3 in Fighting
  3444 | D:5      | 3444 ||| Stepping ~*~*~tactically~*~*~ (stealth).
  3445 | D:5      | 3445 ||| Stepping ~*~*~tactically~*~*~ (stealth).
  3458 | D:5      | Found a staircase to the Ecumenical Temple.
  3460 | D:5      | 3460 ||| Stepping ~*~*~tactically~*~*~ (stealth).
  3461 | D:5      | 3461 ||| Stepping ~*~*~tactically~*~*~ (stealth).
  3463 | D:5      | 3463 ||| Stepping ~*~*~tactically~*~*~ (stealth).
  3464 | D:5      | 3464 ||| Stepping ~*~*~tactically~*~*~ (stealth).
  3465 | D:5      | 3465 ||| Stepping ~*~*~tactically~*~*~ (stealth).
  3789 | D:5      | Noticed Sigmund
  3790 | D:5      | 3790 ||| Stepping ~*~*~tactically~*~*~ (hiding).
  3806 | D:5      | Killed Sigmund
  3807 | D:5      | Reached skill level 9 in Unarmed Combat
  3930 | D:5      | Reached skill level 1 in Dodging
  4062 | D:5      | 4062 ||| READING scroll labelled VOTWAYS LOTHUAFRIY.
  4163 | D:5      | 4163 ||| READING 2 scrolls labelled ACKETREPNI.
  4164 | D:5      | 4164 ||| READING scroll labelled QARROOWI HAGO.
  4165 | D:5      | 4165 ||| READING 2 scrolls of identify.
  4165 | D:5      | 4165 ||| IDENTIFYING red potion
  4166 | D:5      | 4166 ||| DROPPING potion of attraction.
  4167 | D:5      | 4167 ||| DROPPING scroll of blinking.
  4168 | D:5      | 4168 ||| READING 2 scrolls of teleportation.
  4217 | D:6      | Reached skill level 10 in Unarmed Combat
  4217 | D:6      | 4217 ||| FLEEEEING.
  4218 | D:6      | 4218 ||| FLEEEEING.
  4219 | D:6      | 4219 ||| STAIRDANCE
  4313 | D:6      | Reached XP level 9. HP: 84/84 MP: 9/9
  4447 | D:6      | 4447 ||| Stepping ~*~*~tactically~*~*~ (stealth).
  4746 | D:6      | 4746 ||| UPGRADING to +1 hat of stealth.
  4751 | D:6      | 4751 ||| READING 2 scrolls of enchant armour.
  4751 | D:6      | 4751 ||| ENCHANTING +1 hat of stealth.
  4752 | D:6      | 4752 ||| UPGRADING to ring of protection from fire.
  4753 | D:6      | 4753 ||| READING 4 scrolls of identify.
  4753 | D:6      | 4753 ||| IDENTIFYING fizzy ruby potion
  4754 | D:6      | 4754 ||| READING 3 scrolls of identify.
  4754 | D:6      | 4754 ||| IDENTIFYING viscous clear potion
  4755 | D:6      | 4755 ||| READING 2 scrolls of identify.
  4755 | D:6      | 4755 ||| IDENTIFYING metallic clear potion
  4756 | D:6      | 4756 ||| DROPPING potion of berserk rage.
  4757 | D:6      | 4757 ||| DROPPING potion of invisibility.
  4878 | D:7      | 4878 ||| Stepping ~*~*~tactically~*~*~ (hiding).
  4885 | D:7      | 4885 ||| Stepping ~*~*~tactically~*~*~ (hiding).
  4892 | D:7      | 4892 ||| Stepping ~*~*~tactically~*~*~ (stealth).
  4901 | D:7      | 4901 ||| Stepping ~*~*~tactically~*~*~ (stealth).
  4903 | D:7      | 4903 ||| Stepping ~*~*~tactically~*~*~ (stealth).
  4909 | D:7      | 4909 ||| Stepping ~*~*~tactically~*~*~ (outnumbered).
  4910 | D:7      | 4910 ||| INVOKING Fiery Armour.
  4911 | D:7      | 4911 ||| Stepping ~*~*~tactically~*~*~ (outnumbered).
  4915 | D:7      | 4915 ||| Stepping ~*~*~tactically~*~*~ (outnumbered).
  4919 | D:7      | HP: 21/84 [gnoll/+0 halberd[a gnoll sergeant] (13)]
  4920 | D:7      | 4920 ||| READING scroll of teleportation.
  5008 | D:7      | Found a bloodstained altar of Trog.
  5024 | D:7      | Reached skill level 11 in Unarmed Combat
  5046 | D:7      | Noticed a troll
  5054 | D:7      | Killed a troll
  5077 | D:7      | Found a hazy altar of Hepliaklqana.
  5133 | D:7      | Found an ornate altar of the Wu Jian Council.
  5198 | D:7      | 5198 ||| Stepping ~*~*~tactically~*~*~ (hiding).
  5300 | D:7      | 5300 ||| Stepping ~*~*~tactically~*~*~ (hiding).
  5402 | D:7      | 5402 ||| Stepping ~*~*~tactically~*~*~ (hiding).
  5504 | D:7      | 5504 ||| Stepping ~*~*~tactically~*~*~ (hiding).
  5606 | D:7      | 5606 ||| Stepping ~*~*~tactically~*~*~ (hiding).
  5708 | D:7      | 5708 ||| Stepping ~*~*~tactically~*~*~ (hiding).
  5810 | D:7      | 5810 ||| Stepping ~*~*~tactically~*~*~ (hiding).
  5912 | D:7      | 5912 ||| Stepping ~*~*~tactically~*~*~ (hiding).
  6014 | D:7      | 6014 ||| Stepping ~*~*~tactically~*~*~ (hiding).
  6116 | D:7      | 6116 ||| Stepping ~*~*~tactically~*~*~ (hiding).
  6218 | D:7      | 6218 ||| Stepping ~*~*~tactically~*~*~ (hiding).
  6320 | D:7      | 6320 ||| Stepping ~*~*~tactically~*~*~ (hiding).
  6518 | D:7      | Identified the +0 pair of boots "Nyahig" {MP+9}
  6543 | D:7      | 6543 ||| Stepping ~*~*~tactically~*~*~ (stealth).
  6615 | D:7      | Found a hide-covered altar of Uskayaw.
  6616 | D:7      | Found a stormy altar of Qazlal.
  6616 | D:7      | Found a radiant altar of Vehumet.
  6616 | D:7      | Found a glowing golden altar of the Shining One.
  6618 | D:7      | Found a broken altar of Ashenzari.
  6619 | D:7      | Found a basalt altar of Yredelemnul.
  6620 | D:7      | Found a burning altar of Makhleb.
  6809 | D:7      | 6809 ||| UPGRADING to +0 steam dragon scales.
  6819 | D:7      | 6819 ||| DROPPING +0 robe.
  6820 | D:7      | 6820 ||| READING 2 scrolls of enchant armour.
  6820 | D:7      | 6820 ||| ENCHANTING +0 steam dragon scales.
  6821 | D:7      | 6821 ||| READING scroll of enchant armour.
  6821 | D:7      | 6821 ||| ENCHANTING +1 steam dragon scales.
  6822 | D:7      | 6822 ||| READING scroll labelled FOTSOTI REOTO.
  6866 | D:8      | 6866 ||| Stepping ~*~*~tactically~*~*~ (stealth).
  6868 | D:8      | 6868 ||| Stepping ~*~*~tactically~*~*~ (stealth).
  6870 | D:8      | 6870 ||| Stepping ~*~*~tactically~*~*~ (stealth).
  6872 | D:8      | 6872 ||| Stepping ~*~*~tactically~*~*~ (stealth).
  6874 | D:8      | 6874 ||| Stepping ~*~*~tactically~*~*~ (stealth).
  6876 | D:8      | 6876 ||| Stepping ~*~*~tactically~*~*~ (stealth).
  6884 | D:8      | 6884 ||| Stepping ~*~*~tactically~*~*~ (stealth).
  6925 | D:8      | 6925 ||| Stepping ~*~*~tactically~*~*~ (hiding).
  6930 | D:8      | 6930 ||| DRINKING 5 potions of curing.
  6930 | D:8      | 6930 ||| (to cure confusion)
  6932 | D:8      | Reached skill level 1 in Armour
  7048 | D:8      | 7048 ||| Stepping ~*~*~tactically~*~*~ (stealth).
  7050 | D:8      | 7050 ||| Stepping ~*~*~tactically~*~*~ (stealth).
  7052 | D:8      | 7052 ||| Stepping ~*~*~tactically~*~*~ (stealth).
  7054 | D:8      | 7054 ||| Stepping ~*~*~tactically~*~*~ (stealth).
  7056 | D:8      | 7056 ||| Stepping ~*~*~tactically~*~*~ (stealth).
  7059 | D:8      | 7059 ||| Stepping ~*~*~tactically~*~*~ (hiding).
  7074 | D:8      | Reached skill level 12 in Unarmed Combat
  7124 | D:8      | 7124 ||| Stepping ~*~*~tactically~*~*~ (stealth).
  7185 | D:8      | 7185 ||| Stepping ~*~*~tactically~*~*~ (stealth).
  7212 | D:8      | Noticed Prince Ribbit
  7222 | D:8      | Killed Prince Ribbit
  7223 | D:8      | Reached XP level 10. HP: 96/96 MP: 10/10
  7230 | D:8      | 7230 ||| Stepping ~*~*~tactically~*~*~ (stealth).
  7311 | D:8      | Found a staircase to the Lair.
  7333 | D:8      | 7333 ||| Stepping ~*~*~tactically~*~*~ (stealth).
  7474 | D:8      | Reached skill level 13 in Unarmed Combat
  7548 | D:8      | 7548 ||| Stepping ~*~*~tactically~*~*~ (stealth).
  7549 | D:8      | 7549 ||| Stepping ~*~*~tactically~*~*~ (stealth).
  7551 | D:8      | 7551 ||| Stepping ~*~*~tactically~*~*~ (stealth).
  7554 | D:8      | 7554 ||| Stepping ~*~*~tactically~*~*~ (stealth).
  7605 | D:8      | 7605 ||| PLANNING LAIR
  7605 | D:8      | 7605 ||| UPGRADING to +0 cloak.
  7610 | D:8      | 7610 ||| READING scroll labelled DEULYUX ARPHUNK.
  7630 | Lair:1   | Entered Level 1 of the Lair of Beasts
  7736 | Lair:1   | 7736 ||| Stepping ~*~*~tactically~*~*~ (stealth).
  7738 | Lair:1   | 7738 ||| Stepping ~*~*~tactically~*~*~ (stealth).
  7744 | Lair:1   | 7744 ||| Stepping ~*~*~tactically~*~*~ (stealth).
  7766 | Lair:1   | Reached skill level 14 in Unarmed Combat
  7841 | Lair:1   | 7841 ||| DRINKING potion of cancellation.
  8328 | Lair:1   | 8328 ||| UPGRADING to ring of see invisible.
  8329 | Lair:1   | 8329 ||| DROPPING ring of magical power.
  8330 | Lair:1   | 8330 ||| READING scroll labelled FUTEUCA RYCOLL.
  8411 | Lair:2   | 8411 ||| PLANNING GAUNTLET
  8414 | Lair:2   | 8414 ||| STAIRDANCE
  8425 | Lair:2   | Reached skill level 6 in Fighting
  8425 | Lair:2   | 8425 ||| STAIRDANCE
  8450 | Lair:2   | Found a gate leading to a gauntlet.
  8461 | Gauntlet | Entered a Gauntlet
  8461 | Gauntlet | Noticed a spectral death yak
  8461 | Gauntlet | Noticed a moth of wrath
  8461 | Gauntlet | Found a transporter.
  8463 | Gauntlet | Noticed a death scarab
  8464 | Gauntlet | Found a transporter.
  8464 | Gauntlet | Noticed a wolf spider
  8472 | Gauntlet | Found a transporter.
  8475 | Gauntlet | Found a transporter.
  8477 | Gauntlet | Found a large runed translucent door.
  8477 | Gauntlet | Found a large runed translucent door.
  8478 | Gauntlet | Found a large runed translucent door.
  8478 | Gauntlet | Found a large runed translucent door.
  8479 | Gauntlet | Found a large runed translucent door.
  8479 | Gauntlet | Found a large runed translucent door.
  8479 | Gauntlet | Found a runed translucent door.
  8479 | Gauntlet | Found a runed translucent door.
  8480 | Gauntlet | Found a large runed translucent door.
  8480 | Gauntlet | Found a large runed translucent door.
  8481 | Gauntlet | Found a large runed translucent door.
  8481 | Gauntlet | Found a large runed translucent door.
  8482 | Gauntlet | Found a transporter.
  8482 | Gauntlet | Found a transporter.
  8482 | Gauntlet | Found a large runed translucent door.
  8482 | Gauntlet | Found a large runed translucent door.
  8483 | Gauntlet | Found a runed translucent gate.
  8483 | Gauntlet | Found a runed translucent gate.
  8483 | Gauntlet | Found a runed translucent gate.
  8484 | Gauntlet | Found a transporter.
  8485 | Gauntlet | Found a transporter.
  8505 | Gauntlet | Found a transporter.
  8525 | Gauntlet | Found a transporter.
  8529 | Gauntlet | Found a transporter.
  8531 | Gauntlet | Noticed a death scarab
  8533 | Gauntlet | Noticed a death scarab
  8537 | Gauntlet | Found a transporter.
  8542 | Gauntlet | Noticed a spectral eight-headed hydra
  8559 | Gauntlet | Noticed a death scarab
  8589 | Gauntlet | Noticed a blizzard demon
  8592 | Gauntlet | Found a large runed translucent door.
  8593 | Gauntlet | Found a large runed translucent door.
  8602 | Gauntlet | Found a large runed translucent door.
  8602 | Gauntlet | Found a large runed translucent door.
  8657 | Gauntlet | 8657 ||| INVOKING Fiery Armour.
  8658 | Gauntlet | 8658 ||| Stepping ~*~*~tactically~*~*~ (stealth).
  8671 | Gauntlet | 8671 ||| Stepping ~*~*~tactically~*~*~ (outnumbered).
  8671 | Gauntlet | HP: 20/98 [death scarab (14)]
  8671 | Gauntlet | HP: 6/98 [death scarab (14)]
  8672 | Gauntlet | 8672 ||| DRINKING potion of heal wounds.
  8673 | Gauntlet | 8673 ||| Stepping ~*~*~tactically~*~*~ (outnumbered).
  8673 | Gauntlet | Mangled by a death scarab

Levels and vault maps discovered:
D:1:      heliophobic_arrival_battle_scene, layout_basic, serial_shops, shop,
          chequers_serial_rivers_micro_e
D:2:      layout_basic, hangedman_feature_mirror, kennysheep_generic_room_3
D:3:      layout_basic, corexii_leaking_fountain
D:4:      layout_loops_cross, uniq_menkaure, uniq_crazy_yiuf_cottage,
          uniq_grinder
D:5:      layout_basic, minmay_temple_entry_junction_2,
          nicolae_elevator_lobby_asterisk, uniq_sigmund, uniq_pikel
D:6:      layout_cave_pools
D:7:      layout_basic, mainiacjoe_overflow_paths, mainiacjoe_overflow_brackets,
          minitemple, mainiacjoe_overflow_24_doors
D:8:      layout_rooms, grunt_lair_entry_orc_guard_hut, uniq_prince_ribbit1
Lair:1:   layout_roguey
Lair:2:   layout_chaotic_city, minmay_snake_entry_guardpost_large,
          gauntlet_entry_generic, portal_ice_cave_entry_imps, disabler_island,
          serial_bayou_shore_b
Gauntlet: minmay_gauntlet_mixed_oops_all_seconds [minmay_gauntlet_arena_77_mess,
          nicolae_gauntlet_swirl, minmay_gauntlet_arena_77_two_paths,
          minmay_gauntlet_arena_make_your_own_arena,
          minmay_gauntlet_arena_77_hold_the_fort,
          nicolae_gauntlet_arena_t_cross,
          nicolae_gauntlet_exit_dead_adventurers]

Skill      XL: |  1  2  3  4  5  6  7  8  9 10 |
---------------+-------------------------------+-----
Unarmed Combat | 4 5 7 8 10 12 14 | 14.0
Throwing       | 4 |  4.9
Fighting       | 3 5 6 |  6.0
Dodging        | 1 |  1.7
Armour         | 1 2 |  2.1
Spellcasting   | |  1.0
Fire Magic     | |  2.1

Action                   |  1- 3 |  4- 6 |  7- 9 | 10-12 || total
-------------------------+-------+-------+-------+-------++-------
Melee: Unarmed           |    85 |    88 |   149 |    76 ||   398
       Punch             |     1 |     1 |     4 |     4 ||    10
       Headbutt          |       |     1 |    20 |     8 ||    29
       Peck              |       |       |    14 |    13 ||    27
Throw: Javelin           |       |       |    72 |    33 ||   105
Invok: Fiery Armour      |       |     1 |     2 |     1 ||     4
  Use: Scroll            |     4 |     5 |    15 |     2 ||    26
       Potion            |     2 |     5 |     5 |     2 ||    14
Armor: Robe              |    23 |    25 |    25 |       ||    73
       Steam dragon scal |       |       |     6 |    33 ||    39
Dodge: Dodged            |    30 |    37 |    44 |    29 ||   140

Table legend:
 A = Non-vault XP
 B = Vault XP
 C = Vault XP percentage of total XP
 D = Non-vault monster count
 E = Vault monster count
 F = Vault count percentage of total count
                 A         B        C        D         E       F
            +---------+---------+-------+---------+---------+-------
      Total |    7154 |    3074 |  30.1 |     148 |      13 |   8.1
            +---------+---------+-------+---------+---------+-------
        D:1 |      50 |       0 |   0.0 |      31 |       0 |   0.0
        D:2 |      99 |       2 |   2.0 |      16 |       1 |   5.9
        D:3 |      26 |       0 |   0.0 |      13 |       0 |   0.0
        D:4 |     153 |     445 |  74.4 |      14 |       2 |  12.5
        D:5 |     700 |     833 |  54.3 |      13 |       2 |  13.3
        D:6 |     704 |       0 |   0.0 |       8 |       0 |   0.0
        D:7 |    1331 |       0 |   0.0 |      16 |       0 |   0.0
        D:8 |    1381 |    1538 |  52.7 |      22 |       7 |  24.1
     Lair:1 |    2355 |       0 |   0.0 |      14 |       0 |   0.0
     Lair:2 |     355 |       0 |   0.0 |       1 |       0 |   0.0
   Gauntlet |       0 |     256 | 100.0 |       0 |       1 | 100.0
            +---------+---------+-------+---------+---------+-------
